 Dungeon Crawl Stone Soup version 0.29-a0-82-g837932c90e (webtiles) character file.

Game seed: 14435381840084107437

68 HallandMoats the Skirmisher (level 4, -4/35 HPs)
             Began as a Demonspawn Fighter on Feb 5, 2022.
             Slain by a bullfrog skeleton (5 damage)
             ... on level 4 of the Dungeon.
             The game lasted 00:02:41 (2434 turns).

HallandMoats the Skirmisher (Demonspawn Fighter)    Turns: 2434, Time: 00:02:42

Health: -4/35      AC:  6    Str: 18    XL:     4   Next: 1%
Magic:  5/5        EV:  9    Int: 10    God:
Gold:   115        SH:  4    Dex: 12    Spells: 3/3 levels left

rFire   . . .      SeeInvis .   a - +0 hand axe (elec)
rCold   . . .      Faith    .   c - +0 buckler
rNeg    . . .      Spirit   .   b - +0 scale mail
rPois   .          Reflect  .   (no helmet)
rElec   .          Harm     .   (no cloak)
rCorr   .          Rampage  .   (gloves unavailable)
Will    .....                   (no boots)
Stlth   ..........              (no amulet)
HPRegen 0.11/turn               (no ring)
MPRegen 0.09/turn               (no ring)

@: no status effects
A: demonic touch 3
a: no special abilities


You were on level 4 of the Dungeon.
You visited 1 branch of the dungeon, and saw 4 of its levels.

You collected 115 gold pieces.

Inventory:

Hand Weapons
 a - a +0 hand axe of electrocution (weapon)
Armour
 b - a +0 scale mail (worn)
 c - a +0 buckler (worn)
Wands
 k - a wand of polymorph (11)
 o - a wand of acid (10)
Scrolls
 e - 2 scrolls of enchant weapon {unknown}
 f - 2 scrolls of amnesia {unknown}
 g - a scroll of summoning {unknown}
 h - a scroll of silence {unknown}
 m - a scroll of magic mapping {unknown}
 n - a scroll of blinking {unknown}
 p - a scroll of holy word {unknown}
Potions
 d - a potion of might
 i - a potion of haste {unknown}
 j - 2 potions of cancellation {unknown}
 l - a potion of magic {unknown}


   Skills:
 * Level 3.4 Fighting
 * Level 2.5 Axes
 + Level 2.9 Armour
 + Level 0.7 Dodging
 + Level 2.9 Shields
 * Level 2.0 Invocations


You had 3 spell levels left.
You didn't know any spells.
Your spell library contained the following spells:

 Spells                   Type           Power      Damage    Failure   Level
 Magic Dart               Conj           0%         1d3       85%         1
 Searing Ray              Conj           0%         2d4       94%         2
 Fulminant Prism          Conj/Hex       0%         3d6       100%        4


Dungeon Overview and Level Annotations

Branches:
Dungeon (4/15)
 Temple: D:4-7

Altars:
Cheibriados


Innate Abilities, Weirdness & Mutations

Your touch may irresistibly damage your foes and sap their willpower.


Message History

* * * LOW HITPOINT WARNING * * *
The kobold throws a stone.
You block the stone. The giant cockroach barely misses you.
You barely miss the giant cockroach. The giant cockroach bites you.
* * * LOW HITPOINT WARNING * * *
The giant cockroach closely misses you.
You completely miss the giant cockroach.
The giant cockroach bites you but does no damage.
You hit the giant cockroach.
Lightning courses through the giant cockroach!
You kill the giant cockroach!
You hit the bullfrog skeleton.
The bullfrog skeleton is moderately damaged.
The bullfrog skeleton hits you but does no damage.
You hit the kobold but do no damage. You hit the kobold but do no damage.
The kobold hits you with a +0 whip.
* * * LOW HITPOINT WARNING * * *
The kobold hits you but does no damage.
You hit the kobold.
The kobold is heavily wounded.
The kobold hits you but does no damage.
You hit the kobold.
You kill the kobold!
You have reached level 4!
You feel clever.
Your demonic ancestry asserts itself...
Your hands twist and begin to emit a powerful aura of unholy energy.
You barely miss the bullfrog skeleton.
The bullfrog skeleton is moderately damaged.
The bullfrog skeleton hits you.
* * * LOW HITPOINT WARNING * * *
The bullfrog skeleton hits you.
* * * LOW HITPOINT WARNING * * *
You slash the bullfrog skeleton!
The bullfrog skeleton is heavily damaged.
The bullfrog skeleton barely misses you.
You slash the bullfrog skeleton!
The bullfrog skeleton is almost destroyed.
You block the bullfrog skeleton's attack.
The bullfrog skeleton hits you.
You die...

#..#.....#
#!.>.....#
#....<...#
#.>#.....#
....
#.....#
..#
####.## .
#..# ##Z#
#@# #.#
..# ####


You could see a bullfrog skeleton.

Vanquished Creatures
  A worm (D:3)
  3 dart slugs
  4 ball pythons
  5 endoplasms
  3 giant cockroaches
  3 goblins
  8 hobgoblins
  3 jackals (D:3)
  7 quokkas
  6 bats
  4 frilled lizards (D:1)
  5 kobolds
  2 rats
54 creatures vanquished.

Notes
Turn   | Place    | Note
-------+----------+-------------------------------------------
     0 | D:1      | HallandMoats the Demonspawn Fighter began the quest for the
                  | Orb.
     0 | D:1      | Reached XP level 1. HP: 18/18 MP: 1/1
   400 | D:1      | Gained mutation: Your touch may inflict minor irresistible
                  | damage on your foes. [demonic ancestry]
   400 | D:1      | Reached XP level 2. HP: 24/24 MP: 2/2
   423 | D:1      | Reached skill level 1 in Invocations
  1106 | D:2      | Gained mutation: Your touch may inflict irresistible damage
                  | on your foes. [demonic ancestry]
  1106 | D:2      | Reached XP level 3. HP: 27/29 MP: 4/4
  1223 | D:2      | Found a snail-covered altar of Cheibriados.
  1349 | D:2      | Found a faded altar of an unknown god.
  2432 | D:4      | Gained mutation: Your touch may irresistibly damage your
                  | foes and sap their willpower. [demonic ancestry]
  2432 | D:4      | Reached XP level 4. HP: 8/35 MP: 5/5
  2432 | D:4      | HP: 1/35 [bullfrog skeleton (2)]
  2434 | D:4      | Slain by a bullfrog skeleton

Illustrated notes

Levels and vault maps discovered:
D:1:      psy_arrival_conway, layout_rooms
D:2:      layout_basic, basic_altar, basic_ecumenical_altar
D:3:      layout_loops_cross
D:4:      layout_rooms, minmay_temple_entry_trees

Skill      XL: |  1  2  3 |
---------------+----------+-----
Axes           | 2 |  2.5
Invocations    | 1 2 |  2.0
Fighting       | |  3.4
Armour         | |  2.9
Dodging        | |  0.7
Shields        | |  2.9

Action                   |  1- 3 |  4- 6 || total
-------------------------+-------+-------++-------
Melee: Hand axe          |   135 |     3 ||   138
       War axe           |     4 |       ||     4
Armor: Scale mail        |    86 |       ||    86
Dodge: Dodged            |    60 |     1 ||    61
Block: Buckler           |    30 |     1 ||    31

Table legend: (Time is in decaauts)
 A = Elapsed time spent in this place.
 B = Non-inter-level travel time spent in this place.
 C = Inter-level travel time spent in this place.
 D = Time resting spent in this place.
 E = Time spent auto-exploring this place.
 F = Levels seen in this place.
 G = Mean time per level.
                   A        B        C        D        E       F      G
               +--------+--------+--------+--------+--------+-----+--------+
         Total |   2473 |   2410 |     63 |      0 |   2056 |   4 |  618.2 |
       Dungeon |   2473 |   2410 |     63 |      0 |   2056 |   4 |  618.2 |
               +--------+--------+--------+--------+--------+-----+--------+

Top non-repeatable levels by time:
     D:1: 938 daAuts
     D:3: 790 daAuts
     D:2: 716 daAuts
     D:4: 28 daAuts
